Map: Acropolis LE

Players

Reynor - Winner!

  • Race: Zerg Zerg
  • Spawn Location: 5:00

Harstem

  • Race: Protoss Protoss
  • Spawn Location: 11:00

VOD

Have the link to the VOD?

Description

Time

  • Played on: Sept. 6, 2019, 7:14 p.m.
  • Length: 4:48
Show
View Real Time Build Order
Export as new Build Order

Reynor Zerg - Winner!

Build Orders: Hatch First 

Get SALT Encoding   

  12  0:00  Drone  
  13  0:12  Overlord  
  13  0:16  Drone  
  14  0:30  Drone x2  
  16  0:47  Hatchery  
  15  0:51  Drone  
  15  0:54  Drone  
  17  0:57  Drone  
  18  1:08  Extractor  
  17  1:14  Spawning Pool  
  17  1:16  Drone  
  17  1:19  Drone  
  18  1:27  Drone  
  19  1:39  Drone  
  20  1:50  Overlord  
  20  2:01  Zergling x4, Queen x2  
  26  2:10  Zergling x2  
  26  2:11  Zergling x2  
  28  2:18  Metabolic Boost  
  28  2:23  Drone x2  
  30  2:34  Hatchery  
  30  2:37  Zergling x2  
  30  2:39  Zergling x2  
  30  2:43  Zergling x2  
  32  2:44  Zergling x2  
  33  2:53  Overlord  
  33  3:02  Zergling x2  
  34  3:07  Zergling x2  
  34  3:08  Zergling x2  
  35  3:14  Zergling x12  
  35  3:19  Overlord  
  40  3:21  Zergling x2  
  40  3:31  Zergling x4  
  44  3:43  Zergling x2  
  44  3:44  Zergling x2  
  44  3:48  Zergling x8  
  50  3:51  Zergling x4  
  50  3:55  Zergling x2  
  49  3:56  Zergling x2  
  49  4:00  Zergling x4  
  44  4:03  Zergling x2  
  44  4:06  Zergling x2  
  44  4:08  Zergling x2  
  43  4:14  Zergling x2  
  43  4:18  Zergling x2  
  43  4:19  Zergling x2  
  46  4:24  Zergling x10  
  46  4:25  Zergling x2  
  46  4:27  Zergling x2  
Show
View Real Time Build Order
Export as new Build Order

Harstem Protoss 

Build Orders: 1 Gate Expand, Oracle Opening 

Get SALT Encoding   

  12  0:00  Probe  
  13  0:13  Probe  
  14  0:20  Pylon  
  14  0:24  Probe  
  15  0:34  Probe  
  15  0:39  Gateway  
  15  0:42  Probe  
  16  0:48  Assimilator  
  17  0:53  Probe  
  18  1:05  Probe  
  19  1:17  Probe  
  20  1:24  Nexus  
  20  1:35  Cybernetics Core  
  20  1:36  Probe  
  21  1:42  Assimilator  
  21  1:48  Probe  
  21  1:51  Pylon  
  22  2:00  Probe  
  23  2:02  Adept  
  23  2:12  Probe  
  26  2:22  Stargate  
  26  2:24  Probe  
  27  2:32  Stalker  
  27  2:33  Probe  
  27  2:37  Probe  
  31  2:41  Probe  
  31  2:49  Probe  
  31  2:50  Probe  
  33  2:55  Pylon  
  34  2:59  Oracle  
  34  3:05  Gateway  
  35  3:14  Pylon, Adept  
  35  3:18  Pylon  
  35  3:25  Probe  
  35  3:26  Probe  
  35  3:40  Oracle  
  38  3:42  Probe  
  39  3:48  Probe  
  41  4:03  Pylon  
  41  4:06  Gateway  
  41  4:08  Pylon  
  38  4:10  Pylon  
  38  4:11  Probe  
  38  4:12  Probe  
  40  4:17  Pylon  
  43  4:29  Cybernetics Core  
  43  4:31  Probe x2  
  45  4:38  Pylon  
  45  4:44  Pylon x2  
Tags
 
Add a new tag
Caveats
  • Supply blocks, unpowered buildings, or Contaminate may cause inaccurate times.
  • Supply counts are checked every 10 seconds.